 Dungeon Crawl Stone Soup version 0.17-a0-1951-g62301d3 (webtiles) character file.

38 Japsu the Skirmisher (level 3, -6/29 HPs)
             Began as a Demonspawn Berserker on Oct 3, 2015.
             Was a Believer of Trog.
             Mangled by a worm (8 damage)
             ... on level 2 of the Dungeon.
             The game lasted 00:07:10 (1300 turns).

Japsu the Skirmisher (Demonspawn Berserker)         Turns: 1300, Time: 00:07:10

Health: -6/29      AC:  4    Str: 18    XL:     3   Next: 25%
Magic:  3/3        EV: 14    Int:  8    God:    Trog [**....]
Gold:   80         SH:  0    Dex: 12    Spells: 0 memorised, 2 levels left

rFire  . . .     SeeInvis .     a - +0 mace
rCold  . . .     Clarity  .     j - +0 leather armour
rNeg   . . .     SustAt   .     (no shield)
rPois  .         Gourm    +     e - +0 helmet
rElec  .         Spirit   .     (no cloak)
rCorr  .         Warding  .     (no gloves)
rMut   .         Stasis   .     (no boots)
MR     .....                    d - amulet of the gourmand
Stlth  +.........               (no ring)
                                (no ring)

@: not resistant to hostile enchantments, very unstealthy
A: repulsion field 1, demonic guardian 1
a: Burn Spellbooks, Berserk, Trog's Hand, Renounce Religion


You were on level 2 of the Dungeon.
You worshipped Trog.
Trog was pleased with you.
You were not hungry.

You visited 1 branch of the dungeon, and saw 2 of its levels.

You collected 80 gold pieces.

Inventory:

Hand weapons
 a - a +0 mace (weapon)
 n - a +1 dagger of venom
Armour
 b - a +0 animal skin
 e - a +0 helmet (worn)
 j - a +0 leather armour (worn)
Jewellery
 d - an amulet of the gourmand (around neck)
 m - an uncursed ring of flight {unknown}
 p - an uncursed ring of protection from magic {unknown}
Magical devices
 r - a wand of random effects (23)
Scrolls
 h - 3 scrolls of remove curse
 l - a scroll of random uselessness {unknown}
 o - 2 scrolls of teleportation
 q - a scroll of fear {unknown}
Potions
 g - a potion of curing {unknown}
 i - a potion of invisibility {unknown}
 k - a potion of haste {unknown}
Comestibles
 c - 2 bread rations
 f - 2 fruits


   Skills:
 + Level 3.5 Fighting
 + Level 3.3 Maces & Flails
 + Level 2.1 Armour
 + Level 1.9 Dodging


You had 2 spell levels left.
You didn't know any spells.

Dungeon Overview and Level Annotations

Branches:
Dungeon (2/15)

Altars:
Ru


Innate Abilities, Weirdness & Mutations

You are surrounded by a mild repulsion field (EV +2).
A weak demonic guardian rushes to your aid.


Message History

The worm completely misses you.
You hit the worm.
The worm is heavily wounded.
The worm bites you!
* * * LOW HITPOINT WARNING * * *
You barely miss the worm.
The worm is moderately wounded.
The worm misses you.
You hit the worm.
The worm is moderately wounded.
The worm barely misses you.
You hit the worm.
The worm is heavily wounded.
You hit the worm.
The worm is severely wounded.
The worm barely misses you.
You barely miss the worm.
The worm is severely wounded.
The worm bites you!
You die...

.# ... .._....###<†..##
.# ......
#.#....#......# )#
...... #.............#
.# .......
####..........# .#######
.......## #..........#
........
...>...#####..#.####..#
†####.##
###.##........>...#....#
.#
#........((............#
.#
#...)@.###......#.####
.# #.##.w####........#
.# #..................#
.# .........###.#.)....#
.# ###......# #.#....#.#
#........ .........#
#............#####.#
###.....####. .# #......
.. #


You could see a worm.

Vanquished Creatures
  An adder (D:2)
  A worm (D:2)
  2 giant geckos
  A bat (D:1)
  2 giant cockroaches (D:1)
  5 goblins
  3 hobgoblins (D:1)
  5 kobolds
  2 ball pythons (D:2)
  2 giant newts (D:1)
  2 rats (D:2)
26 creatures vanquished.

Notes
Turn   | Place    | Note
--------------------------------------------------------------
     0 | D:1      | Japsu the Demonspawn Berserker began the quest for the Orb.
     0 | D:1      | Reached XP level 1. HP: 18/18 MP: 1/1
   437 | D:1      | Gained mutation: You are surrounded by a mild repulsion field (EV +2). [demonic ancestry]
   437 | D:1      | Reached XP level 2. HP: 24/24 MP: 2/2
  1028 | D:2      | Gained mutation: A weak demonic guardian rushes to your aid. [demonic ancestry]
  1028 | D:2      | Reached XP level 3. HP: 21/29 MP: 3/3
  1261 | D:2      | Found a sacrificial altar of Ru.
  1288 | D:2      | Acquired Trog's second power
  1295 | D:2      | HP: 1/29 [worm (8)]
  1300 | D:2      | Mangled by a worm

Vault maps used:
D:1:      elethiomel_arrival_shortcut
D:2:      lemuel_crystal_altar, minmay_overflow_temple_star_quad, first_bread,
          roderic_whirl, minmay_shallow_snake_nest, uniq_iyjb

Action                   || total
-------------------------++-------
Melee: Mace              ||    85
  Use: Scroll            ||     4
  Eat: Chunk             ||     1
